Map: 2000 Atmospheres LE

Players

Reynor - Winner!

  • Race: Zerg Zerg

Strange

  • Race: Protoss Protoss

Event: DreamHack SC2 Masters 2021 Winter

VOD

Have the link to the VOD?

Description

Time

  • Played on: Oct. 9, 2021, 10:53 a.m.
  • Length: 23:43

All games in this series

Show
View Real Time Build Order
Export as new Build Order

Reynor Zerg - Winner!

Build Orders: Hatch First, Lurkers, Roach Hydra 

Get SALT Encoding   

  12  0:00  Drone  
  13  0:12  Overlord  
  13  0:16  Drone  
  14  0:31  Drone x2  
  16  0:50  Drone, Hatchery  
  16  0:54  Drone  
  17  0:57  Drone  
  18  1:07  Extractor  
  17  1:13  Spawning Pool  
  17  1:15  Drone  
  17  1:19  Drone  
  18  1:27  Drone  
  19  1:39  Drone  
  20  1:48  Overlord  
  20  1:59  Queen  
  22  2:02  Drone x2, Queen  
  26  2:11  Zergling x2  
  26  2:13  Zergling x2  
  28  2:21  Drone  
  29  2:23  Drone  
  30  2:30  Hatchery  
  30  2:32  Drone  
  30  2:34  Drone  
  30  2:36  Metabolic Boost  
  31  2:43  Queen  
  33  2:46  Drone  
  33  2:51  Overlord  
  34  2:55  Drone x2  
  35  3:05  Drone  
  35  3:11  Drone x2  
  35  3:12  Drone x2  
  40  3:16  Overlord  
  40  3:19  Queen  
  42  3:21  Drone  
  43  3:28  Drone  
  43  3:32  Overlord  
  44  3:38  Drone  
  44  3:40  Queen  
  47  3:42  Roach Warren  
  47  3:43  Drone x2  
  47  3:48  Drone x2  
  50  3:50  Overlord  
  50  3:53  Drone x2  
  52  3:56  Zergling x4  
  52  3:58  Zergling x2  
  55  4:03  Queen  
  55  4:08  Overlord  
  57  4:15  Drone  
  57  4:16  Drone x3  
  61  4:18  Extractor  
  61  4:21  Overlord  
  61  4:24  Roach x2, Spore Crawler  
  59  4:25  Roach  
  59  4:27  Roach  
  59  4:29  Drone  
  68  4:32  Drone  
  68  4:33  Drone, Extractor  
  68  4:36  Roach  
  71  4:40  Drone x2  
  71  4:43  Overlord  
  73  4:49  Drone  
  73  4:50  Spore Crawler  
  73  4:51  Drone x2, Spore Crawler  
  74  4:53  Roach x2  
  74  4:56  Drone x2  
  74  4:58  Drone  
  74  4:59  Drone  
  82  5:01  Drone  
  82  5:03  Overlord  
  83  5:12  Lair  
  83  5:13  Drone x2  
  83  5:14  Drone x2  
  87  5:16  Extractor  
  87  5:18  Overlord  
  86  5:22  Roach x2  
  86  5:27  Roach x2  
  93  5:31  Roach x3  
  93  5:34  Overlord  
  99  5:39  Roach x3  
  105  5:44  Queen  
  107  5:50  Queen  
  107  5:54  Drone  
  107  5:55  Drone x2  
  112  5:57  Overlord  
  111  6:05  Drone x5  
  111  6:07  Evolution Chamber  
  114  6:11  Drone x3  
  114  6:13  Extractor  
  114  6:14  Queen  
  114  6:15  Hydralisk Den  
  114  6:16  Drone x2  
  114  6:18  Overseer, Extractor  
  116  6:20  Queen  
  116  6:22  Glial Reconstitution  
  116  6:23  Evolution Chamber  
  116  6:24  Drone  
  118  6:26  Overlord  
  118  6:28  Drone x2  
  118  6:30  Drone x2  
  122  6:33  Zerg Missile Weapons Level 1  
  122  6:35  Overlord  
  123  6:40  Overlord  
  123  6:47  Overlord  
  123  6:50  Overseer  
  123  6:57  Overlord  
  123  7:04  Hydralisk x3  
  127  7:08  Hatchery  
  127  7:10  Overlord  
  127  7:14  Overlord  
  127  7:15  Hydralisk x3  
  126  7:18  Drone x2  
  126  7:19  Overlord  
  126  7:21  Infestation Pit  
  133  7:33  Overlord  
  133  7:34  Queen, Overlord, Extractor  
  133  7:35  Queen  
  133  7:37  Hydralisk x4  
  136  7:41  Overlord  
  136  7:43  Hydralisk  
  146  7:46  Overlord  
  146  7:53  Drone x7  
  146  7:54  Drone  
  146  7:55  Queen  
  156  8:00  Drone  
  156  8:02  Evolution Chamber  
  156  8:03  Infestation Pit  
  156  8:05  Drone x4  
  159  8:07  Hydralisk, Grooved Spines  
  159  8:10  Pneumatized Carapace  
  159  8:11  Overlord  
  161  8:13  Drone x3  
  164  8:27  Hydralisk x4  
  164  8:28  Zerg Missile Weapons Level 2, Queen  
  164  8:30  Drone x4  
  164  8:31  Extractor  
  164  8:32  Extractor  
  176  8:39  Overlord  
  176  8:44  Zerg Ground Armor Level 1  
  176  8:46  Infestor x4  
  184  8:51  Drone x2  
  184  8:52  Spore Crawler x3  
  184  8:53  Spore Crawler  
  182  8:55  Spore Crawler  
  182  8:56  Hive  
  182  9:02  Hydralisk x3  
  181  9:03  Hydralisk  
  189  9:11  Drone  
  189  9:12  Drone  
  189  9:13  Drone, Spore Crawler x4  
  188  9:21  Queen, Muscular Augments  
  188  9:23  Drone x3  
  193  9:26  Spore Crawler  
  192  9:35  Queen  
  192  9:38  Drone x2, Lurker Den  
  191  9:40  Spore Crawler  
  191  9:41  Spore Crawler  
  191  9:42  Hatchery  
  190  9:46  Overseer  
  190  9:49  Drone x2  
  192  9:53  Spore Crawler x2  
  192  9:54  Spore Crawler  
  192  9:55  Spore Crawler  
  188  10:01  Hydralisk x4  
  188  10:03  Queen  
  198  10:08  Drone x2  
  200  10:16  Spore Crawler  
  200  10:17  Spore Crawler  
  200  10:18  Spore Crawler  
  200  10:19  Spore Crawler  
  200  10:20  Spore Crawler  
  195  10:22  Overlord x2  
  195  10:25  Overlord  
  195  10:32  Overlord  
  195  10:42  Seismic Spines  
  195  10:43  Lurker x5  
  195  10:49  Zerg Ground Armor Level 2  
  200  10:51  Zerg Missile Weapons Level 3  
  200  10:52  Spore Crawler x3  
  200  10:53  Drone x3, Spore Crawler  
  199  10:59  Drone  
  200  11:20  Overlord  
  200  11:22  Spire  
  200  11:23  Drone  
  200  11:56  Viper  
  199  12:02  Drone  
  199  12:03  Extractor  
  199  12:04  Extractor  
  198  12:11  Drone x2  
  200  12:19  Viper x2  
  200  12:24  Spore Crawler  
  200  12:25  Spore Crawler  
  200  12:26  Spore Crawler x3  
  195  12:33  Spore Crawler  
  195  12:34  Spore Crawler  
  195  12:35  Spore Crawler  
  192  12:38  Zerg Flyer Weapons Level 1  
  190  13:00  Spore Crawler x2  
  190  13:01  Spore Crawler x2  
  190  13:02  Drone x4  
  190  13:04  Spore Crawler  
  190  13:05  Spore Crawler x2  
  188  13:07  Spore Crawler  
  188  13:12  Spore Crawler  
  183  13:13  Corruptor x13  
  183  13:17  Spore Crawler  
  183  13:18  Lurker x2  
  183  13:19  Adaptive Talons  
  200  13:22  Drone x2  
  200  13:26  Zerg Ground Armor Level 3  
  200  13:32  Spore Crawler  
  200  13:34  Hatchery, Spore Crawler x3  
  198  13:35  Spore Crawler  
  151  14:08  Viper x3  
  178  14:17  Drone x4  
  172  14:21  Corruptor x2  
  172  14:22  Corruptor x4  
  166  14:25  Infestor x5  
  166  14:27  Drone x5  
  166  14:28  Viper x4  
  193  14:32  Lurker x3  
  193  14:35  Drone  
  193  14:37  Extractor  
  196  14:41  Zerg Flyer Armor Level 1  
  196  14:43  Drone  
  197  14:49  Drone x2  
  199  15:03  Drone  
  200  15:08  Overseer x3, Spire  
  200  15:14  Drone  
  198  16:27  Zerg Flyer Weapons Level 2  
  198  16:29  Drone  
  198  16:30  Drone  
  200  16:49  Spore Crawler x3  
  200  16:50  Spore Crawler x2  
  193  16:59  Neural Parasite  
  182  17:21  Corruptor x10  
  194  17:48  Corruptor x5  
  196  17:58  Drone x2  
  198  18:00  Drone x2  
  198  18:04  Hatchery  
  195  18:07  Viper  
  198  18:19  Burrow  
  188  18:49  Viper x2  
  188  18:53  Drone x2  
  188  18:54  Drone x2  
  196  19:10  Extractor  
  196  19:11  Extractor  
  191  19:25  Viper x2  
  195  19:43  Zerg Flyer Weapons Level 3, Greater Spire  
  193  20:03  Corruptor x7  
  155  20:16  Corruptor x7  
  165  20:27  Viper x4  
  175  20:31  Drone x2, Queen  
  179  20:47  Hatchery  
  178  20:54  Hatchery  
  177  21:05  Brood Lord  
  177  21:06  Brood Lord x5  
  177  21:08  Corruptor x5  
  199  21:13  Drone  
  198  21:42  Unknown  
  197  21:53  Spore Crawler  
  196  21:55  Corruptor x3, Spore Crawler x2  
  198  22:45  Spore Crawler  
  198  22:46  Spore Crawler  
  198  22:48  Spore Crawler  
  195  23:04  Corruptor  
  195  23:05  Corruptor  
  199  23:09  Hatchery  
Show
View Real Time Build Order
Export as new Build Order

Strange Protoss 

Build Orders: 1 Gate Expand, Carriers 

Get SALT Encoding   

  12  0:00  Probe  
  13  0:12  Probe  
  14  0:19  Pylon  
  14  0:24  Probe  
  15  0:37  Probe (Chrono Boost)  
  15  0:38  Gateway  
  16  0:46  Assimilator, Probe (Chrono Boost)  
  17  0:51  Probe  
  18  1:03  Probe  
  19  1:15  Probe  
  20  1:23  Nexus  
  20  1:33  Cybernetics Core  
  20  1:36  Probe  
  21  1:41  Assimilator  
  21  1:48  Probe  
  21  1:50  Pylon  
  22  2:00  Probe  
  23  2:07  Adept (Chrono Boost)  
  23  2:10  Warp Gate  
  23  2:13  Probe  
  26  2:25  Probe (Chrono Boost)  
  26  2:27  Stalker (Chrono Boost)  
  27  2:35  Probe (Chrono Boost)  
  31  2:43  Probe (Chrono Boost)  
  32  2:45  Probe (Chrono Boost)  
  32  2:49  Probe (Chrono Boost)  
  32  2:50  Adept, Probe (Chrono Boost)  
  35  2:56  Gateway  
  36  3:01  Probe  
  36  3:02  Probe  
  36  3:13  Probe  
  36  3:14  Probe  
  36  3:17  Pylon  
  36  3:19  Stargate  
  38  3:20  Stargate  
  38  3:24  Adept  
  38  3:25  Probe  
  41  3:30  Probe  
  41  3:32  Pylon  
  42  3:37  Probe  
  43  3:41  Assimilator  
  43  3:43  Assimilator, Probe  
  44  3:49  Probe  
  44  3:55  Probe  
  46  3:58  Shield Battery  
  46  4:01  Probe  
  46  4:02  Adept x2, Void Ray (Chrono Boost)  
  51  4:07  Void Ray (Chrono Boost), Probe  
  60  4:20  Probe x2, Pylon  
  62  4:25  Pylon  
  62  4:39  Void Ray (Chrono Boost)  
  66  4:46  Pylon  
  66  4:47  Protoss Air Weapons Level 1 (Chrono Boost)  
  66  4:48  Void Ray (Chrono Boost)  
  66  4:51  Pylon  
  70  5:00  Pylon  
  70  5:05  Forge  
  74  5:21  Void Ray (Chrono Boost)  
  74  5:22  Void Ray (Chrono Boost)  
  74  5:23  Pylon  
  78  5:33  Pylon  
  78  5:39  Nexus  
  78  5:40  Pylon  
  78  5:48  Void Ray (Chrono Boost)  
  78  5:49  Void Ray (Chrono Boost)  
  86  6:12  Probe x2  
  88  6:22  Pylon  
  88  6:23  Fleet Beacon  
  88  6:24  Probe x2  
  90  6:36  Probe x2  
  90  6:37  Assimilator  
  92  6:42  Assimilator  
  92  6:44  Photon Cannon, Stargate  
  92  6:47  Shield Battery  
  92  6:48  Probe x2  
  92  6:52  Probe  
  95  6:56  Pylon  
  95  7:00  Probe x2  
  97  7:05  Probe  
  97  7:07  Carrier (Chrono Boost)  
  97  7:08  Photon Cannon, Carrier (Chrono Boost)  
  98  7:12  Probe x2  
  118  7:31  Carrier (Chrono Boost)  
  118  7:40  Pylon  
  118  7:49  Protoss Air Weapons Level 2 (Chrono Boost)  
  118  7:50  Photon Cannon  
  118  7:51  Photon Cannon  
  118  7:52  Photon Cannon  
  118  7:53  Shield Battery  
  118  8:05  Photon Cannon  
  124  8:06  Shield Battery  
  124  8:11  Carrier (Chrono Boost)  
  124  8:12  Carrier (Chrono Boost)  
  128  8:27  Mothership (Chrono Boost)  
  136  8:40  Pylon  
  136  8:46  Carrier  
  142  8:50  Pylon  
  142  8:55  Shield Battery  
  142  8:56  Pylon  
  142  8:59  Robotics Facility  
  142  9:09  Probe x2 (Chrono Boost)  
  150  9:10  Carrier (Chrono Boost)  
  152  9:17  Probe x2 (Chrono Boost)  
  152  9:29  Nexus  
  152  9:31  Photon Cannon  
  152  9:34  Shield Battery  
  152  9:42  Carrier (Chrono Boost)  
  152  9:43  Protoss Air Weapons Level 3 (Chrono Boost)  
  158  9:50  Flux Vanes  
  158  10:01  Sentry  
  166  10:08  Assimilator  
  166  10:12  Assimilator  
  166  10:18  Carrier (Chrono Boost)  
  172  10:31  Stargate  
  172  10:34  Void Ray (Chrono Boost)  
  166  10:41  Carrier (Chrono Boost), Observer  
  170  11:06  Carrier (Chrono Boost)  
  170  11:07  Void Ray (Chrono Boost)  
  186  11:21  Carrier (Chrono Boost)  
  186  11:31  Carrier (Chrono Boost)  
  192  11:57  Carrier (Chrono Boost)  
  198  12:05  Protoss Shields Level 1  
  198  12:10  Protoss Air Armor Level 1  
  198  12:33  Observer  
  199  13:46  Stargate  
  199  13:47  Stargate  
  199  13:48  Stargate  
  191  14:12  Void Ray x4 (Chrono Boost)  
  163  14:35  Carrier x2 (Chrono Boost)  
  181  14:40  Carrier (Chrono Boost)  
  181  14:44  Robotics Bay  
  181  14:45  Robotics Facility  
  181  14:47  Robotics Facility, Carrier  
  193  15:22  Observer (Chrono Boost)  
  193  15:28  Protoss Air Armor Level 2  
  188  15:34  Disruptor x2 (Chrono Boost)  
  188  15:35  Disruptor (Chrono Boost)  
  197  15:46  Pylon  
  197  15:58  Disruptor (Chrono Boost)  
  200  16:07  Void Ray (Chrono Boost)  
  200  16:10  Disruptor (Chrono Boost)  
  196  16:12  Disruptor (Chrono Boost)  
  200  16:19  Void Ray (Chrono Boost)  
  194  16:29  Void Ray (Chrono Boost)  
  198  17:00  Void Ray (Chrono Boost)  
  198  17:01  Void Ray (Chrono Boost)  
  194  17:09  Void Ray x2 (Chrono Boost)  
  194  17:13  Void Ray (Chrono Boost)  
  182  17:19  Void Ray x2 (Chrono Boost)  
  194  17:38  Void Ray x2 (Chrono Boost)  
  194  17:39  Void Ray (Chrono Boost)  
  192  17:49  Void Ray (Chrono Boost)  
  192  17:51  Void Ray (Chrono Boost)  
  198  18:01  Pylon  
  198  18:06  Unknown  
  198  18:17  Protoss Air Armor Level 3 (Chrono Boost)  
  198  18:18  Nexus  
  198  18:41  Void Ray (Chrono Boost)  
  173  18:50  Void Ray x4 (Chrono Boost)  
  173  18:54  Carrier (Chrono Boost)  
  193  19:04  Photon Cannon  
  193  19:05  Carrier (Chrono Boost)  
  193  19:06  Photon Cannon  
  193  19:08  Shield Battery  
  191  19:10  Shield Battery  
  191  19:11  Void Ray (Chrono Boost)  
  191  19:12  Shield Battery  
  187  19:20  Void Ray, Unknown  
  191  19:30  Void Ray  
  195  19:36  Unknown  
  198  19:57  Void Ray  
  198  19:58  Void Ray  
  194  20:06  Void Ray x2  
  194  20:07  Void Ray  
  160  20:23  Void Ray  
  146  20:41  Nexus  
  146  20:42  Pylon  
  146  20:44  Pylon  
  146  20:46  Void Ray x2, Zealot x2  
  146  20:47  Assimilator  
  150  20:51  Assimilator  
  158  21:02  Observer (Chrono Boost), Void Ray  
  161  21:28  Void Ray x2, Cybernetics Core  
  167  21:40  Void Ray  
  156  22:24  Void Ray x2 (Chrono Boost)  
  156  22:25  Void Ray x2 (Chrono Boost)  
  172  22:44  Void Ray (Chrono Boost)  
  172  22:57  Void Ray  

Tags
 
Add a new tag
Caveats
  • Supply blocks, unpowered buildings, or Contaminate may cause inaccurate times.
  • Supply counts are checked every 10 seconds.